 Dungeon Crawl Stone Soup version 0.32-a0-42-ga30500b4d3 (webtiles) character file.

Game seed: 12203514797026534593

120 seren the Shooter (level 5, -5/32 HPs)
             Began as a Kobold Hunter on Feb 3, 2024.
             Succumbed to an orc's poison
             ... on level 3 of the Dungeon.
             The game lasted 00:04:20 (2099 turns).

seren the Shooter (Kobold Hunter)                   Turns: 2099, Time: 00:04:21

Health: -5/32      AC:  6    Str:  8    XL:     5   Next: 25%
Magic:  5/5        EV: 15    Int: 10    God:
Gold:   125        SH:  0    Dex: 21    Spells: 4/4 levels left

rFire   . . .        a - +0 shortbow
rCold   . . .        (shield currently unavailable)
rNeg    + . .        m - +3 leather armour of Sin {rN+}
rPois   .            (no helmet)
rElec   .            (no cloak)
rCorr   .            (no gloves)
SInv    .            (no boots)
Will    +....        (no amulet)
Stlth   +++          r - ring of willpower
HPRegen 0.25/turn    (no ring)
MPRegen 0.09/turn

%: no passive effects
@: lethally poisoned (-5 -> -31)
A: small, no large weapons, nightstalker 3
a: no special abilities


You were on level 3 of the Dungeon.
You visited 1 branch of the dungeon, and saw 3 of its levels.

You collected 125 gold pieces.

Inventory:

Hand Weapons
 a - a +0 shortbow (weapon)
 b - a +0 dagger
Missiles
 f - 37 stones
Armour
 c - +0 fire dragon scales
 m - the +3 leather armour of Sin (worn) {rN+}
   (You found it on level 2 of the Dungeon)

   rN+:       It protects you from negative energy.
Jewellery
 r - a ring of willpower (left hand)
Wands
 p - a wand of paralysis (3)
Scrolls
 d - 5 scrolls of identify {unknown}
 e - a scroll of butterflies
 k - a scroll of fog {unknown}
 n - a scroll of teleportation {unknown}
Potions
 g - a potion of degeneration {unknown}
 h - a potion of curing {unknown}
 i - a potion of heal wounds {unknown}
 j - a potion of cancellation {unknown}
 l - a potion of magic {unknown}
 o - a potion of resistance {unknown}
 q - a potion of brilliance {unknown}


   Skills:
 + Level 3.0 Fighting
 * Level 6.4 Ranged Weapons
 + Level 1.1 Armour
 + Level 3.3 Dodging
 + Level 2.9 Stealth


You had 4 spell levels left.
You didn't know any spells.
Your spell library contained the following spells:

 Spells                   Type           Power      Damage    Failure   Level
 Animate Dead             Necr           0%         N/A       99%         4
 Borgnjor's Vile Clutch   Necr/Erth      0%         N/A       100%        5
 Death Channel            Necr           0%         N/A       100%        6


Dungeon Overview and Level Annotations

Branches:
Dungeon (3/15)

Altars:
Cheibriados
Kikubaaqudgha
Yredelemnul
The Shining One

Shops:
D:2 (


Innate Abilities, Weirdness & Mutations

You are small and have problems with some larger weapons.
You are completely attuned to the shadows.


Message History

Aim: an orc wizard, wielding a +1 dagger of flaming and wearing a +0 robe (heavily wounded, 60% to hit)
You shoot an arrow. The arrow hits the orc wizard.
The orc wizard is severely wounded.
The orc wizard hits you but does no damage.
Fire: a) +0 shortbow
Press: ? - help, Q - select action, (/) - cycle Shift-Dir - straight line, f/p - orc wizard
Aim: an orc wizard, wielding a +1 dagger of flaming and wearing a +0 robe (severely wounded, 60% to hit)
You shoot an arrow. The arrow hits the orc wizard.
The orc wizard is severely wounded.
The orc wizard points at you and mumbles some strange words.
The puff of flame hits you!
* * * LOW HITPOINT WARNING * * *
The orc hits you but does no damage.
You are poisoned.
Fire: a) +0 shortbow
Press: ? - help, Q - select action, (/) - cycle Shift-Dir - straight line, f/p - orc wizard
Aim: an orc wizard, wielding a +1 dagger of flaming and wearing a +0 robe (severely wounded, 60% to hit)
You shoot an arrow.
The arrow closely misses the orc wizard.
The arrow hits the orc.
The orc is heavily wounded.
You feel very sick.
The orc wizard hits you with a +1 dagger of flaming.
* * * LOW HITPOINT WARNING * * *
The orc wizard burns you.
* * * LOW HITPOINT WARNING * * *
The orc hits you but does no damage.
You are lethally poisoned!
* * * LOW HITPOINT WARNING * * *
You feel very sick. The orc hits you but does no damage.
You are more poisoned.
* * * LOW HITPOINT WARNING * * *
You feel very sick.
The orc wizard attacks as it pursues you!
The orc wizard hits you but does no damage.
The orc hits you with a +2 dagger of venom.
* * * LOW HITPOINT WARNING * * *
You are more poisoned.
You die...

#.### #.# #. #... #.#
#.# #..# #.# #.###..###
#o#
...........####o########
..............oo........
...##..##.####...##.....
.. ..###..##.#
#..@##.#..# #. .##
#..##.## #.....)...#
#.#. .#
#..#.#.###...##.##.#.#
#.#. .#
#...###......##.##.#.#
#.#> .#
#..#.#.####...))...#.#
#.#. .# #..##.##
#.###.###..#####... .#
#..##.#####
#...<..........≈
.####..........
#.<#.#.#>#.#...≈
..........#####
#...##.##..#...≈


You could see an orc wizard and 3 orcs.

Vanquished Creatures
  An orc wizard (D:3)
  3 adders
  3 dart slugs
  2 ribbon worms (D:3)
  5 orcs (D:3)
  9 ball pythons
  4 endoplasms
  2 hobgoblins
  4 jackals (D:3)
  2 quokkas (D:2)
  3 bats
  2 frilled lizards
  2 goblins
  6 kobolds
  8 rats
56 creatures vanquished.

Notes
Turn   | Place    | Note
-------+----------+-------------------------------------------
     0 | D:1      | seren the Kobold Hunter began the quest for the Orb.
     0 | D:1      | Reached XP level 1. HP: 12/12 MP: 1/1
   247 | D:1      | Reached XP level 2. HP: 18/18 MP: 2/2
   326 | D:1      | Found a faded altar of an unknown god.
   914 | D:2      | Identified the +3 leather armour of Sin {rN+}
  1012 | D:2      | Reached XP level 3. HP: 21/22 MP: 3/3
  1019 | D:2      | Found a basalt altar of Yredelemnul.
  1219 | D:2      | Found Porura's Antique Weapon Emporium.
  1255 | D:2      | Reached XP level 4. HP: 27/27 MP: 4/4
  1613 | D:3      | Reached skill level 6 in Ranged Weapons
  1684 | D:3      | Found an ancient bone altar of Kikubaaqudgha.
  1775 | D:3      | Found a snail-covered altar of Cheibriados.
  1776 | D:3      | Found a glowing golden altar of the Shining One.
  1965 | D:3      | Reached skill level 1 in Armour
  1965 | D:3      | Reached XP level 5. HP: 16/32 MP: 5/5
  2098 | D:3      | HP: 1/32 [orc/+2 dagger of venom (2)]
  2099 | D:3      | Succumbed to an orc's poison

Illustrated notes

Levels and vault maps discovered:
D:1:      kilobyte_arrival_exit_the_forest, layout_rooms,
          shapermc_ecumenical_altar_mp_urbaneastern
D:2:      layout_rooms, serial_shops, shop, basic_altar,
          nicolae_elevator_lobby_plus
D:3:      layout_loops_ring, kiku_gazebo_garden_becter,
          nicolae_overflow_squiral, minmay_diced_spiral

Skill      XL: |  1  2  3  4  5 |
---------------+----------------+-----
Stealth        | 2 |  2.9
Dodging        | 3 |  3.3
Ranged Weapons | 6 |  6.4
Armour         | 1 |  1.1
Fighting       | 3 |  3.0

Action                     |  1- 3 |  4- 6 || total
---------------------------+-------+-------++-------
   Fire: Shortbow          |    67 |    81 ||   148
 Armour: Leather armour    |    20 |    34 ||    54
  Dodge: Dodged            |    23 |    43 ||    66

Table legend: (Time is in decaauts)
 A = Elapsed time spent in this place.
 B = Non-inter-level travel time spent in this place.
 C = Inter-level travel time spent in this place.
 D = Time resting spent in this place.
 E = Time spent auto-exploring this place.
 F = Levels seen in this place.
 G = Mean time per level.
                   A        B        C        D        E       F      G
               +--------+--------+--------+--------+--------+-----+--------+
         Total |   2133 |   2094 |     39 |     77 |   1613 |   3 |  711.0 |
       Dungeon |   2133 |   2094 |     39 |     77 |   1613 |   3 |  711.0 |
               +--------+--------+--------+--------+--------+-----+--------+

Top non-repeatable levels by time:
     D:1: 925 daAuts
     D:2: 648 daAuts
     D:3: 559 daAuts
